 Dungeon Crawl Stone Soup version 0.29-a0-732-g3d7fbe0af2 (webtiles) character file.

Game seed: 13144604795128186355

25 elite277 the Grave Robber (level 3, -1/21 HPs)
             Began as a Human Necromancer on June 29, 2022.
             Was a Follower of Hepliaklqana.
             Succumbed to an adder's poison
             ... on level 2 of the Dungeon.
             The game lasted 00:03:49 (1198 turns).

elite277 the Grave Robber (Human Necromancer)       Turns: 1198, Time: 00:03:50

Health: -1/21      AC:  2    Str:  8    XL:     3   Next: 20%
Magic:  1/6        EV: 12    Int: 17    God:    Hepliaklqana [*.....]
Gold:   25         SH:  0    Dex: 13    Spells: 5/6 levels left

rFire   . . .      SeeInvis .   e - +0 hand axe
rCold   . . .      Faith    .   (no shield)
rNeg    + . .      Spirit   .   a - +0 robe
rPois   .          Reflect  .   (no helmet)
rElec   .          Harm     .   (no cloak)
rCorr   .          Rampage  .   (no gloves)
Will    .....                   (no boots)
Stlth   ++........              (no amulet)
HPRegen 0.07/turn               c - ring of positive energy
MPRegen 0.10/turn               (no ring)

@: lethally poisoned (-1 -> -14)
A: reduced essence
a: Renounce Religion, Recall Ancestor, Ancestor Identity


You were on level 2 of the Dungeon.
You worshipped Hepliaklqana.
Hepliaklqana was aware of your devotion.
You visited 1 branch of the dungeon, and saw 2 of its levels.

You collected 25 gold pieces.

Inventory:

Hand Weapons
 e - a +0 hand axe (weapon)
Armour
 a - a +0 robe (worn)
 g - a +0 leather armour
Jewellery
 c - a ring of positive energy (left hand)
Scrolls
 d - a scroll of enchant weapon {unknown}
 f - a scroll of poison {unknown}
Potions
 b - a potion of magic


   Skills:
 + Level 2.0 Dodging
 + Level 2.0 Stealth
 + Level 2.4 Spellcasting
 + Level 4.6 Necromancy


You had 5 spell levels left.
You knew the following spells:

 Your Spells              Type           Power      Damage    Failure   Level
a - Necrotize             Necr           68%        1d7       2%          1

Your spell library contained the following spells:

 Spells                   Type           Power      Damage    Failure   Level
 Vampiric Draining        Necr           17%        2d7       9%          3
 Sandblast                Erth           4%         2d4       19%         1
 Passwall                 Tmut/Erth      1%         N/A       28%         2
 Animate Dead             Necr           17%        N/A       28%         4
 Stone Arrow              Conj/Erth      4%         3d7       50%         3
 Agony                    Necr           17%        N/A       61%         5
 Borgnjor's Vile Clutch   Necr/Erth      4%         N/A       90%         5
 Freezing Cloud           Conj/Ice/Air   1%         6-21      99%         5
 Death Channel            Necr           8%         N/A       99%         6
 Simulacrum               Ice/Necr       4%         N/A       100%        6
 Malign Gateway           Summ/Tloc      1%         N/A       100%        7
 Summon Horrible Things   Summ           1%         N/A       100%        8
 Polar Vortex             Ice            1%         N/A       100%        9


Dungeon Overview and Level Annotations

Branches:
Dungeon (2/15)

Altars:
Hepliaklqana


Message History

The jackal dies!
You swap places.
A jackal comes into view.
The adder barely misses you.
Casting: Necrotize (safe; 2% risk of failure)
Confirm with . or Enter, or press ? or * to list all spells.
Aiming: Necrotize (safe; 2% risk of failure)
Press: ? - help, Shift-Dir - straight line, f - adder
Aim: an adder (ally target, chance to affect: 81%)
The adder writhes in agony.
The adder barely misses you.
You closely miss the adder.
The adder is moderately wounded.
The adder barely misses you. The adder bites you.
You swap places.
The adder attacks as you move away! The adder bites you.
The adder bites Sosibius.
Sosibius completely misses the adder.
The adder bites Sosibius.
Sosibius barely misses the adder.
The adder bites Sosibius.
Sosibius barely misses the adder.
The adder misses Sosibius.
The adder barely misses Sosibius.
Sosibius closely misses the adder.
You swap places.
The adder bites you.
You are poisoned.
The adder poisons you!
You miss the adder.
The adder is moderately wounded.
You feel sick. The adder bites you.
You are lethally poisoned!
The adder poisons you! The adder bites you.
* * * LOW HITPOINT WARNING * * *
You swap places.
The adder attacks as you move away! The adder bites you.
* * * LOW HITPOINT WARNING * * *
You are more poisoned.
The adder poisons you!
* * * LOW HITPOINT WARNING * * *
You feel very sick.
Sosibius barely misses the adder.
The adder bites Sosibius.
Okay, then.
This spell is quite dangerous to cast!
Memorise Vampiric Draining, consuming 3 spell levels and leaving 2?
Your memorisation is interrupted.
You die...

##+## ##...##
##.....## #
##.......## .##.#
###.........####......
..'.........Z@RSh.....
#.........####h..#.#
##.......## .#.#
##.....## .# ##...##
.# ##'## .# #####.# #
...#.# #.#.##


You could see the friendly Sosibius the ancestor, an adder (ally target), 2
jackals and a friendly hobgoblin skeleton.

Vanquished Creatures
  A bat (D:1)
  3 endoplasms
  3 goblins (D:1)
  3 hobgoblins
  A quokka (D:1)
  2 ball pythons (D:1)
  A kobold (D:1)
  3 rats (D:1)
17 creatures vanquished.

Vanquished Creatures (collateral kills)
  2 endoplasms
  A goblin (D:1)
  A jackal (D:2)
  A kobold (D:2)
5 creatures vanquished.

Grand Total: 22 creatures vanquished

Notes
Turn   | Place    | Note
-------+----------+-------------------------------------------
     0 | D:1      | elite277 the Human Necromancer began the quest for the Orb.
     0 | D:1      | Reached XP level 1. HP: 13/13 MP: 3/3
   369 | D:1      | Reached XP level 2. HP: 19/19 MP: 3/5
   963 | D:1      | Found a faded altar of an unknown god.
   975 | D:1      | Prayed at the altar of an unknown god.
   975 | D:1      | Became a worshipper of Hepliaklqana the Forgotten
   975 | D:1      | Reached * piety under Hepliaklqana
  1170 | D:2      | Reached XP level 3. HP: 21/21 MP: 3/6
  1198 | D:2      | Succumbed to an adder's poison

Illustrated notes

Levels and vault maps discovered:
D:1:      co_arrival_square_in_a_square_in_a_square, layout_loops_corners,
          shapermc_ecumenical_altar_mp_highgroup
D:2:      layout_loops_corners, uniq_robin

Action                   || total
-------------------------++-------
Melee: Unarmed           ||     2
       Hand axe          ||     2
 Cast: Necrotize         ||    36
Armor: Robe              ||     1
Dodge: Dodged            ||     7

Table legend: (Time is in decaauts)
 A = Elapsed time spent in this place.
 B = Non-inter-level travel time spent in this place.
 C = Inter-level travel time spent in this place.
 D = Time resting spent in this place.
 E = Time spent auto-exploring this place.
 F = Levels seen in this place.
 G = Mean time per level.
                   A        B        C        D        E       F      G
               +--------+--------+--------+--------+--------+-----+--------+
         Total |   1197 |   1190 |      7 |      0 |    836 |   2 |  598.5 |
       Dungeon |   1197 |   1190 |      7 |      0 |    836 |   2 |  598.5 |
               +--------+--------+--------+--------+--------+-----+--------+

Top non-repeatable levels by time:
     D:1: 1152 daAuts
     D:2: 45 daAuts
